Map: Incorporeal LE

Players

TEarDroP - Winner!

  • Race: Terran Terran
  • League: Grandmaster
  • Spawn Location: 5:00

IWillCoachU

  • Race: Zerg Zerg
  • League: Grandmaster
  • Spawn Location: 11:00

VOD

Have the link to the VOD?

Description

Time

  • Played on: July 8, 2025, 8 p.m.
  • Length: 9:02
Show
View Real Time Build Order
Export as new Build Order

TEarDroP Terran - Winner!

Build Orders: Reaper Expand 

Get SALT Encoding   

  12  0:00  SCV  
  13  0:12  SCV  
  14  0:17  Supply Depot  
  14  0:24  SCV  
  15  0:39  SCV  
  15  0:40  Barracks  
  15  0:42  Refinery  
  16  0:51  SCV  
  17  1:03  SCV  
  18  1:15  SCV  
  19  1:27  Orbital Command  
  19  1:28  Reaper  
  20  1:39  Command Center  
  20  1:49  Supply Depot  
  20  1:54  SCV  
  21  2:00  Marine  
  22  2:06  SCV  
  23  2:14  Factory  
  23  2:18  SCV  
  23  2:19  Barracks Reactor  
  24  2:30  SCV  
  25  2:42  SCV  
  26  2:49  Command Center  
  26  2:53  Orbital Command  
  26  2:54  SCV  
  27  2:59  Starport  
  27  3:07  Hellion  
  27  3:08  Hellion  
  27  3:10  SCV  
  32  3:14  Refinery  
  32  3:16  Barracks Tech Lab  
  32  3:19  SCV  
  33  3:22  SCV  
  34  3:29  Hellion x2  
  34  3:31  SCV  
  39  3:39  SCV  
  40  3:43  SCV  
  40  3:44  Banshee  
  40  3:46  Barracks Tech Lab  
  44  3:51  SCV  
  44  3:55  SCV  
  46  4:02  Orbital Command  
  46  4:03  SCV, Barracks  
  46  4:05  Barracks  
  46  4:07  SCV  
  46  4:08  Stimpack  
  48  4:14  Factory Reactor  
  48  4:15  SCV  
  49  4:19  SCV  
  50  4:27  SCV  
  50  4:31  SCV  
  50  4:36  SCV  
  50  4:38  Engineering Bay  
  48  4:39  SCV, Refinery, Engineering Bay, Starport Reactor  
  48  4:40  Refinery  
  48  4:44  SCV  
  46  4:48  SCV, Marine  
  46  4:51  Marine x2  
  46  4:52  SCV  
  51  4:58  Supply Depot  
  51  5:00  SCV x2  
  51  5:02  Barracks x2  
  51  5:04  SCV  
  51  5:06  Terran Infantry Weapons Level 1  
  54  5:07  Terran Infantry Armor Level 1  
  54  5:10  Marine x3  
  54  5:12  Marine  
  54  5:13  Marine, Orbital Command  
  59  5:16  SCV  
  59  5:17  SCV  
  59  5:20  Siege Tank  
  64  5:22  Supply Depot  
  64  5:26  Supply Depot  
  64  5:30  SCV x2  
  64  5:33  Medivac  
  68  5:41  SCV  
  69  5:44  Medivac, SCV  
  69  5:47  Armory  
  72  5:50  Marine, Supply Depot  
  72  5:51  Barracks Reactor, Marine x2  
  72  5:52  Marine, Supply Depot  
  77  6:00  Barracks Reactor  
  77  6:01  Barracks  
  77  6:02  SCV x3, Barracks  
  79  6:05  Barracks  
  79  6:12  Missile Turret  
  79  6:14  SCV x3  
  82  6:18  Missile Turret  
  82  6:19  Missile Turret  
  82  6:20  Marine x2  
  82  6:21  Marine x3  
  82  6:22  Siege Tank  
  82  6:23  Medivac  
  92  6:26  SCV  
  92  6:29  Marine x2  
  92  6:31  Combat Shield  
  95  6:38  Marine x2  
  97  6:43  Marine x2  
  97  6:44  Marine x3  
  97  6:47  Marine, Supply Depot x2  
  99  6:49  Marine  
  101  7:05  Supply Depot  
  101  7:08  Marine x12  
  109  7:09  Supply Depot  
  109  7:11  Supply Depot  
  107  7:26  Marine x11  
  107  7:27  Medivac x2  
  120  7:33  Supply Depot  
  120  7:34  Supply Depot  
  118  7:47  Marine x11  
  118  7:48  Marine  
  118  7:50  Siege Tank  
  133  7:56  Bunker  
  133  7:58  Supply Depot  
  133  7:59  Medivac x2, Supply Depot  
  133  8:04  Marine  
  133  8:05  Marine  
  130  8:14  Marine  
  130  8:15  Marine x9  
  130  8:17  SCV x2  
  130  8:18  SCV  
  138  8:22  Marine  
  138  8:23  Marine  
  140  8:32  Marine  
  133  8:34  Marine  
  133  8:35  Marine x8  
  133  8:40  Marine  
  133  8:41  Marine  
Show
View Real Time Build Order
Export as new Build Order

IWillCoachU Zerg 

Build Orders: Hatch First 

Get SALT Encoding   

  12  0:02  Drone  
  13  0:12  Overlord  
  13  0:16  Drone  
  14  0:31  Drone x2  
  16  0:46  Hatchery  
  16  0:50  Drone  
  16  0:52  Drone  
  16  0:56  Drone  
  18  1:08  Extractor  
  17  1:11  Spawning Pool  
  17  1:14  Drone  
  17  1:18  Drone  
  18  1:28  Drone  
  19  1:39  Drone  
  20  1:49  Overlord  
  20  1:59  Queen x2  
  20  2:00  Zergling x2  
  20  2:01  Zergling x2  
  26  2:11  Drone  
  26  2:13  Metabolic Boost  
  26  2:14  Drone  
  28  2:23  Drone  
  28  2:24  Drone  
  30  2:34  Queen  
  30  2:35  Queen  
  34  2:41  Drone  
  34  2:42  Drone  
  36  2:45  Overlord  
  36  2:49  Overlord  
  36  3:08  Drone x7  
  36  3:09  Drone  
  36  3:11  Drone  
  45  3:14  Drone  
  46  3:20  Lair  
  46  3:21  Extractor  
  46  3:23  Drone  
  46  3:25  Drone  
  47  3:29  Drone  
  47  3:30  Drone  
  49  3:41  Hatchery  
  49  3:42  Overlord  
  49  3:47  Extractor  
  47  3:49  Extractor, Baneling Nest  
  47  3:53  Drone x2  
  47  3:54  Drone  
  48  3:55  Overlord  
  48  4:00  Pneumatized Carapace  
  49  4:02  Drone  
  49  4:03  Drone  
  49  4:08  Overlord  
  50  4:10  Drone x2  
  51  4:18  Zergling x6, Evolution Chamber  
  51  4:28  Drone x3  
  51  4:30  Overseer  
  46  4:41  Drone  
  46  4:42  Spire  
  46  4:49  Drone x3  
  49  4:55  Drone  
  50  5:01  Drone  
  50  5:02  Drone  
  50  5:06  Drone  
  53  5:10  Overseer  
  54  5:14  Drone x2  
  54  5:19  Drone x6  
  61  5:22  Drone x2  
  63  5:37  Overlord  
  63  5:40  Drone  
  63  5:41  Overlord  
  64  5:48  Hatchery  
  63  5:55  Mutalisk x5  
  73  5:57  Mutalisk  
  73  5:59  Mutalisk  
  73  6:03  Mutalisk  
  79  6:10  Mutalisk  
  79  6:11  Overlord  
  81  6:15  Drone  
  81  6:16  Mutalisk, Evolution Chamber  
  83  6:20  Overlord  
  83  6:21  Zergling x8  
  87  6:29  Mutalisk  
  87  6:31  Zergling x8  
  93  6:35  Mutalisk  
  95  6:46  Mutalisk  
  97  6:48  Zergling x14  
  97  6:53  Baneling x4  
  104  6:59  Zergling x4  
  106  7:01  Overlord  
  106  7:02  Zergling x2, Overlord  
  106  7:03  Zergling x4  
  109  7:15  Mutalisk  
  111  7:17  Overlord x2  
  111  7:21  Overlord x2  
  102  7:24  Centrifugal Hooks  
  102  7:27  Drone x5  
  106  7:36  Drone x3  
  108  7:39  Extractor, Evolution Chamber  
  108  7:40  Extractor  
  108  7:43  Mutalisk x2  
  107  7:44  Zergling x2  
  107  7:45  Zergling x2  
  107  7:51  Zergling x2  
  109  7:58  Baneling x5  
  109  8:03  Zergling x10  
  114  8:07  Baneling x5  
  112  8:16  Zergling x16  
  109  8:33  Mutalisk x2  
  100  8:35  Zergling x8  
Tags
 
Add a new tag
Caveats
  • Supply blocks, unpowered buildings, or Contaminate may cause inaccurate times.
  • Supply counts are checked every 10 seconds.